 Dungeon Crawl Stone Soup version 0.15.1-1-gfacfea3 (webtiles) character file.

315 Johnny the Chiller (level 5, -2/41 HPs)
             Began as a Demigod Ice Elementalist on Sept 25, 2014.
             Slain by Johnny's ghost (4 damage)
             ... on Level 4 of the Dungeon.
             The game lasted 00:10:19 (3824 turns).

Johnny the Chiller (Demigod Ice Elementalist)       Turns: 3824, Time: 00:10:20

HP  -2/41        AC  5     Str 12      XL: 5   Next: 99%
MP  17/23        EV  9     Int 20      God:
Gold 179         SH  0     Dex 17      Spells:  3 memorised,  2 levels left

rFire  . . .     SeeInvis .     n - +2 dagger (venom)
rCold  . . .     Clarity  .     a - +0 ring mail
rNeg   . . .     rCorr    .     (no shield)
rPois  .         rRot     .     (no helmet)
rElec  .         Spirit   .     (no cloak)
SustAb .         Warding  .     (no gloves)
rMut   .         Stasis   .     (no boots)
Gourm  .                        (no amulet)
MR     .....                    (no ring)
                                k - ring of magical power

@: not resistant to hostile enchantments, unstealthy
A: no striking features
a: no special abilities


You were on level 4 of the Dungeon.
You were hungry.

You visited 1 branch of the dungeon, and saw 4 of its levels.

You collected 179 gold pieces.

Inventory:

Hand weapons
 n - a +2 dagger of venom (weapon)
Armour
 a - a +0 ring mail (worn)
Comestibles
 c - a bread ration
 d - a rotting chunk of iguana flesh
 h - a fruit
 i - 4 meat rations
Scrolls
 e - a scroll of remove curse {unknown}
 g - a scroll of magic mapping {unknown}
Jewellery
 k - a ring of magical power (left hand)
Potions
 f - a potion of mutation {unknown}
 m - a potion of agility {unknown}
Books
 b - a book of Frost

   Spells                             Type                      Level
   *Freeze                            Ice                          1
   Throw Frost                        Conjuration/Ice              2
   *Ozocubu's Armour                  Charms/Ice                   3
   Throw Icicle                       Conjuration/Ice              4
   *Summon Ice Beast                  Ice/Summoning                4
   Condensation Shield                Ice                          4


   Skills:
 + Level 2.0 Fighting
 - Level 1.0 Armour
 - Level 2.9 Dodging
 - Level 2.4 Stealth
 + Level 3.1 Spellcasting
   Level 0.8 Conjurations
 * Level 1.4 Summonings
 * Level 3.5 Ice Magic


You had 2 spell levels left.
You knew the following spells:

 Your Spells              Type           Power        Failure   Level  Hunger
a - Freeze                Ice            ###.         6%          1    None
b - Summon Ice Beast      Ice/Summ       ##......     80%         4    ####...
c - Ozocubu's Armour      Chrm/Ice       ##......     30%         3    ###....


Dungeon Overview and Level Annotations

Branches:
Dungeon (4/15)
 Temple: D:4-7

Annotations:
D:4 Johnny's ghost, average DgIE


Message History

Confirm with . or Enter, or press ? or * to list all spells.
Aiming: Freeze
Press: ? - help, Shift-Dir - straight line, f/p - Johnny's ghost
Aim: Johnny's ghost (heavily damaged)
You freeze Johnny's ghost.
Johnny's ghost is heavily damaged.
Casting: Freeze
Confirm with . or Enter, or press ? or * to list all spells.
Aiming: Freeze
Press: ? - help, Shift-Dir - straight line, f/p - Johnny's ghost
Aim: Johnny's ghost (heavily damaged)
You freeze Johnny's ghost.
Johnny's ghost is severely damaged.
Johnny's ghost hits you.
You are electrocuted!
* * * LOW HITPOINT WARNING * * *
Casting: Freeze
Confirm with . or Enter, or press ? or * to list all spells.
Okay, then.
Johnny's ghost hits you.
You die...

#####.#...#....####
......#####.##.###
......# #.#....#
......# #.#...##
.....## #.....#
.....# #..)#.####
.....# #........#
.....# #.#.#W##W#
.##### #.#...@#.#
.# #.####.#.# .#
#......#W# [#
########.# W#
#..W.....# .#
#.######## .# #.#
.#### #.# ....# #.#


You could see Johnny's ghost.

Vanquished Creatures
  Sigmund (D:2)
  An iguana (D:4)
  2 orc wizards (D:3)
  Jessica (D:3)
  4 adders
  A giant mite (D:1)
  2 worms
  2 giant geckos
  An ooze (D:4)
  5 orcs
  6 giant cockroaches
  13 goblins
  11 hobgoblins
  7 kobolds
  A quokka (D:3)
  A ball python (D:2)
  7 bats
  4 giant newts
  10 rats
  A spectral orc (D:2)
81 creatures vanquished.

Notes
Turn   | Place    | Note
--------------------------------------------------------------
     0 | D:1      | Johnny, the Demigod Ice Elementalist, began the quest for the Orb.
     0 | D:1      | Reached XP level 1. HP: 14/14 MP: 3/3
   496 | D:1      | Reached XP level 2. HP: 22/22 MP: 2/5
   926 | D:1      | Reached skill level 1 in Fighting
   941 | D:1      | Reached XP level 3. HP: 10/28 MP: 8/8
  1151 | D:1      | Reached skill level 3 in Ice Magic
  1199 | D:2      | Found a burning altar of Makhleb.
  1295 | D:2      | Found a burning altar of Makhleb.
  1321 | D:2      | Found a basalt altar of Yredelemnul.
  2048 | D:2      | Reached XP level 4. HP: 18/35 MP: 11/11
  2255 | D:2      | Noticed Sigmund
  2291 | D:2      | Killed Sigmund
  2349 | D:2      | Reached XP level 5. HP: 33/41 MP: 10/12
  2368 | D:2      | Learned a level 4 spell: Summon Ice Beast
  2372 | D:3      | Found an iron altar of Okawaru.
  2487 | D:3      | Reached skill level 1 in Armour
  2487 | D:3      | Reached skill level 1 in Summonings
  2753 | D:3      | Found a glowing silver altar of Zin.
  2753 | D:3      | Found a glowing golden altar of the Shining One.
  2756 | D:3      | Found a white marble altar of Elyvilon.
  2924 | D:3      | Found an ancient bone altar of Kikubaaqudgha.
  2944 | D:3      | Noticed Jessica
  2947 | D:3      | Killed Jessica
  3106 | D:3      | Noticed a hill giant skeleton
  3275 | D:3      | Learned a level 3 spell: Ozocubu's Armour
  3727 | D:4      | Noticed Johnny's ghost (average DgIE)
  3823 | D:4      | HP: 2/41 [Johnny's ghost (14)]
  3824 | D:4      | Slain by Johnny's ghost

Action                   |  1- 3 |  4- 6 || total
-------------------------+-------+-------++-------
Melee: Dagger            |   118 |    69 ||   187
       Unarmed           |     3 |       ||     3
       Spear             |    33 |       ||    33
 Cast: Freeze            |    40 |    66 ||   106
  Use: Potion            |       |     3 ||     3
       Scroll            |       |     2 ||     2
 Stab: Sleeping          |     4 |     1 ||     5
  Eat: Chunk             |     4 |     5 ||     9
